 Seeded DCSS version 0.31-a0-210-gccc998df9b (webtiles) character file.

Game seed: 8113056780134302019 (custom seed)

4854 innerfire43 the Fighter (level 10, 0/94 HPs)
             Began as a Demonspawn Monk on June 30, 2023.
             Was a Follower of Yredelemnul.
             Killed from afar by an electric eel (8 damage)
             ... with a bolt of electricity
             ... on level 8 of the Dungeon.
             The game lasted 00:09:20 (7097 turns).

innerfire43 the Fighter (Demonspawn Monk)           Turns: 7097, Time: 00:09:21

Health: 0/94       AC:  8    Str: 16    XL:     10   Next: 25%
Magic:  10/10      EV: 14    Int: 11    God:    Yredelemnul [*.....]
Gold:   319        SH:  0    Dex: 16    Spells: 9/9 levels left

rFire   + . .        m - +4 bardiche (heavy)
rCold   . . .        (shield currently unavailable)
rNeg    . . .        t - +1 robe {Will+}
rPois   .            e - +0 helmet
rElec   .            r - +0 cloak
rCorr   .            (no gloves)
SInv    +            u - +0 pair of boots
Will    +....        (no amulet)
Stlth   +            n - ring of protection from fire
HPRegen 0.35/turn    i - ring of see invisible
MPRegen 0.12/turn

%: no passive effects
@: no status effects
A: thin metallic scales 1, demonic guardian 1, powered by death 1, demonic touch
2
a: Renounce Religion, Recall Undead Harvest


You were on level 8 of the Dungeon.
You worshipped Yredelemnul.
Yredelemnul was noncommittal.
You visited 2 branches of the dungeon, and saw 9 of its levels.

You collected 401 gold pieces.
You spent 82 gold pieces at shops.

Inventory:

Hand Weapons
 a - a +0 spear
 m - a +4 heavy bardiche (weapon)
Armour
 e - a +0 helmet (worn)
 j - a +0 tower shield
 r - a +0 cloak (worn)
 t - a +1 robe of willpower (worn)
 u - a +0 pair of boots (worn)
Jewellery
 i - a ring of see invisible (right hand)
 n - a ring of protection from fire (left hand)
 o - a ring of ice
 w - a ring of positive energy
 A - a +6 ring of intelligence
 G - a ring of protection from cold
 H - a ring of ice
Wands
 B - a wand of polymorph (2)
 C - a wand of roots (6)
Scrolls
 f - 2 scrolls of vulnerability
 g - a scroll of blinking
 h - 5 scrolls of teleportation
 q - 2 scrolls of fog
 y - 2 scrolls of fear {unknown}
 z - 2 scrolls of revelation {unknown}
 E - a scroll of amnesia
 F - a scroll of noise {unknown}
Potions
 b - 2 potions of haste
 c - a potion of ambrosia
 d - 2 potions of resistance
 k - a potion of degeneration {unknown}
 l - a potion of attraction
 p - 4 potions of heal wounds
 s - a potion of enlightenment {unknown}
 v - a potion of curing {unknown}
 x - 3 potions of lignification {unknown}
 D - 3 potions of mutation {unknown}


   Skills:
 * Level 14.1 Fighting
 * Level 9.7 Polearms
 - Level 5.0 Dodging


You had 9 spell levels left.
You didn't know any spells.
Your spell library contained the following spells:

 Spells                   Type           Power      Damage    Failure   Level
 Slow                     Hex            0%         N/A       34%         1
 Ensorcelled Hibernation  Hex/Ice        0%         N/A       47%         2
 Poisonous Vapours        Pois/Air       0%         N/A       47%         2
 Confusing Touch          Hex            0%         N/A       71%         3
 Mephitic Cloud           Conj/Pois/Air  0%         N/A       71%         3
 Spider Form              Tmut/Pois      0%         N/A       71%         3
 Vampiric Draining        Necr           0%         2d6       71%         3
 Anguish                  Hex/Necr       0%         N/A       98%         4
 Borgnjor's Vile Clutch   Necr/Erth      0%         N/A       100%        5
 Freezing Cloud           Conj/Ice/Air   0%         6-21      100%        5
 Animate Dead             Necr           Unusable   N/A       N/A         4
 Death Channel            Necr           Unusable   N/A       N/A         6

Dungeon Overview and Level Annotations

Branches:
Dungeon (8/15)             Temple (1/1) D:6
   Lair: D:8-11

Altars:
Ashenzari
Gozag
Hepliaklqana
Kikubaaqudgha
Makhleb
Nemelex Xobeh
Okawaru
Qazlal
Ru
Trog
Uskayaw
Vehumet
Wu Jian
Xom
Yredelemnul

Shops:
D:1 ?


Innate Abilities, Weirdness & Mutations

You are partially covered in thin metallic scales. (AC +2)
A weak demonic guardian rushes to your aid.
You regenerate a little health from kills.
Your touch may inflict irresistible damage on your foes.


Message History

The bolt of electricity hits you! The bolt of electricity misses you.
The electric eel shoots out a bolt of lightning at you!
The bolt of electricity hits you!
The bolt of electricity hits your wolf zombie!
The electric eel shoots out a bolt of lightning at you!
The bolt of electricity hits you. x2
Reach: m) +4 bardiche (heavy)
Press: ? - help, Dir - move target, f - electric eel
Aim: an electric eel (water, ally target, about 48% to evade your +4 heavy bardiche)
You reach to attack!
You slash the electric eel!
The electric eel is almost dead.
The electric eel shoots out a bolt of lightning at you!
The bolt of electricity misses you. The bolt of electricity hits you.
The electric eel shoots out a bolt of lightning at you!
The bolt of electricity hits you!
The bolt of electricity hits your wolf zombie!!
Your wolf zombie is destroyed!
The bolt of electricity hits Grum.
The electric eel shoots out a bolt of lightning at you!
The bolt of electricity hits you. x2
You can no longer trade souls for undead servants.
Unknown command.
Reach: m) +4 bardiche (heavy)
Press: ? - help, Dir - move target, f/p - electric eel
Aim: an electric eel (water, almost dead, ally target, about 48% to evade your +4 heavy bardiche)
You slash the electric eel!
You kill the electric eel!
The electric eel shoots out a bolt of lightning at you!
The bolt of electricity hits you!
* * * LOW HITPOINT WARNING * * *
The bolt of electricity hits you.
* * * LOW HITPOINT WARNING * * *
A demonic guardian appears!
The electric eel shoots out a bolt of lightning at you!
The bolt of electricity misses the electric eel.
The bolt of electricity hits you!
* * * LOW HITPOINT WARNING * * *
The bolt of electricity hits you!
You die...
Your body rises from the dead as a mindless zombie.

#.###.###Z##...## #Z#
#.###Z#.Z.... #### #Z#
#.....Z...... ..... #.#
#####.#Z..... ≈≈≈≈≈# #Z#
#.#....#.
S≈≈SS≈##Z#######.#.#..).
.# #≈≈5.........#Z####)
.# +≈≈Z##########..Z.Z.
.# ### #≈≈@# ####### .#
#≈≈≈≈≈≈≈≈≈≈≈≈##
######### .#
#≈≈≈≈≈≈≈≈≈≈≈≈# ........#
.###≈≈# #≈≈###≈≈###
#####.# .##.≈≈+ #≈≈+
#≈≈.. #.....####
....≈≈###≈≈###≈≈#
..###.#......#
..###≈≈≈≈≈≈≈≈≈≈#
#.........##.# ...#
#≈≈≈≈≈≈≈≈#
#####.#..###.. ..##
#.......### #.#.......


You could see 2 electric eels, a friendly iron imp (summoned), 2 friendly orc
zombies, the friendly Grum the gnoll zombie and 2 friendly howler monkey
zombies.

Vanquished Creatures
  A two-headed ogre (D:8)
  A boulder beetle (D:8)
  Grinder (D:3)
  Sigmund (D:6)
  A wyvern (D:7)
  Grum (D:8)
  A water moccasin (D:5)
  An orc warrior (D:8)
  2 black bears
  3 ice beasts
  A sky beast (D:6)
  2 ogres (D:5)
  3 wolves (D:8)
  A gnoll sergeant (D:6)
  A scorpion (D:6)
  13 wights
  5 howler monkeys
  An electric eel (D:8)
  2 hounds
  A gnoll bouda (D:7)
  2 jellies
  An orc priest (D:8)
  A sleepcap (D:8)
  8 iguanas
  An orc wizard (D:8)
  12 gnolls
  10 adders
  A shadow imp (D:7)
  A white imp (D:6)
  An ufetubus (D:5)
  3 worms
  4 dart slugs
  11 orcs
  10 bats
  6 endoplasms
  5 giant cockroaches
  10 goblins
  A hobgoblin (D:3)
  6 kobolds
  2 quokkas
  9 ball pythons
  A frilled lizard (D:3)
  3 rats
152 creatures vanquished.

Vanquished Creatures (collateral kills)
  A sky beast (D:7)
  A howler monkey (D:7)
  A gnoll (D:7)
  An orc (D:5)
  A goblin (D:7)
5 creatures vanquished.

Vanquished Creatures (others)
  A wolf zombie (D:8)
  An ice beast zombie (D:7)
  A sky beast zombie (D:7)
  2 howler monkey zombies (D:7)
  An orc zombie (D:8)
  A spectral shadow imp (D:7)
  2 gnoll zombies (D:7)
  3 goblin zombies (D:7)
12 creatures vanquished.

Grand Total: 169 creatures vanquished

Notes
Turn   | Place    | Note
-------+----------+-------------------------------------------
     0 | D:1      | innerfire43 the Demonspawn Monk began the quest for the
                  | Orb.
     0 | D:1      | Reached XP level 1. HP: 18/18 MP: 1/1
    75 | D:1      | Gained mutation: Your touch may inflict minor irresistible
                  | damage on your foes. [demonic ancestry]
    75 | D:1      | Reached XP level 2. HP: 24/24 MP: 2/2
    91 | D:1      | Identified a scroll of acquirement
    91 | D:1      | Acquired a manual of Fighting
   251 | D:1      | Reached XP level 3. HP: 25/30 MP: 3/3
   366 | D:1      | Found Ponycs's Magic Scroll Shop.
   370 | D:1      | Reached skill level 4 in Fighting
   736 | D:2      | Gained mutation: You are partially covered in thin metallic
                  | scales. (AC +2) [demonic ancestry]
   736 | D:2      | Reached XP level 4. HP: 19/38 MP: 4/4
   862 | D:2      | Acquired a +2 heavy bardiche
  1383 | D:3      | Reached skill level 5 in Fighting
  1570 | D:1      | Bought a scroll of enchant weapon for 82 gold pieces
  1888 | D:3      | Noticed Grinder
  1893 | D:3      | Killed Grinder
  1894 | D:3      | Reached skill level 6 in Fighting
  1894 | D:3      | Gained mutation: Your touch may inflict irresistible damage
                  | on your foes. [demonic ancestry]
  1894 | D:3      | Reached XP level 5. HP: 19/47 MP: 5/5
  1894 | D:3      | Reached XP level 6. HP: 22/53 MP: 6/6
  2677 | D:4      | Found an ancient bone altar of Kikubaaqudgha.
  3250 | D:5      | Entered Level 5 of the Dungeon
  3257 | D:5      | Reached skill level 7 in Fighting
  3281 | D:5      | Noticed a water moccasin
  3288 | D:5      | Killed a water moccasin
  3289 | D:5      | Gained mutation: A weak demonic guardian rushes to your
                  | aid. [demonic ancestry]
  3289 | D:5      | Reached XP level 7. HP: 33/60 MP: 7/7
  3465 | D:5      | Reached skill level 5 in Polearms
  3597 | D:5      | Reached skill level 8 in Fighting
  3801 | D:5      | Found a hazy altar of Hepliaklqana.
  3889 | D:5      | Reached skill level 9 in Fighting
  3889 | D:5      | Gained mutation: You regenerate a little health from kills.
                  | [demonic ancestry]
  3889 | D:5      | Reached XP level 8. HP: 45/71 MP: 8/8
  4044 | D:5      | Reached skill level 5 in Dodging
  4449 | D:6      | Noticed Sigmund
  4451 | D:6      | Killed Sigmund
  4452 | D:6      | Reached skill level 10 in Fighting
  4677 | D:6      | Reached skill level 11 in Fighting
  4677 | D:6      | Found a staircase to the Ecumenical Temple.
  4687 | D:6      | Reached XP level 9. HP: 61/81 MP: 9/9
  4694 | Temple   | Entered the Ecumenical Temple
  4799 | Temple   | Became a worshipper of Yredelemnul the Dark
  4799 | Temple   | Reached * piety under Yredelemnul
  4799 | Temple   | Reached ** piety under Yredelemnul
  4965 | D:6      | Found a radiant altar of Vehumet.
  5339 | D:7      | Found a flagged portal.
  5352 | D:7      | Reached skill level 12 in Fighting
  6094 | D:7      | Found an ornate altar of the Wu Jian Council.
  6240 | D:7      | Found a broken altar of Ashenzari.
  6423 | D:8      | Noticed a two-headed ogre
  6428 | D:8      | Killed a two-headed ogre
  6429 | D:8      | Reached skill level 13 in Fighting
  6583 | D:8      | Noticed a boulder beetle
  6591 | D:8      | Killed a boulder beetle
  6592 | D:8      | Reached XP level 10. HP: 68/93 MP: 10/10
  6836 | D:8      | Reached skill level 14 in Fighting
  6836 | D:8      | Noticed Grum
  6842 | D:8      | Killed Grum
  7097 | D:8      | Killed from afar by an electric eel

Illustrated notes

Levels and vault maps discovered:
D:1:      roderic_crossed_star, layout_rooms, serial_shops, nicolae_diamond_shop
D:2:      layout_loops_cross
D:3:      layout_basic, uniq_grinder
D:4:      layout_basic, zin_academy, kennysheep_mini
D:5:      layout_basic, kennysheep_mini_moat, grunt_decor_one_mirror,
          kennysheep_generic_room_9
D:6:      layout_loops_ring, vehumet_crystals, minmay_temple_entry_stoned_glass,
          uniq_sigmund
D:7:      layout_rooms, evilmike_ruin_ashenzari, lemuel_coloured_pillars_altar,
          enter_bailey_5
D:8:      layout_loops_corners, water_boxes_lemuel, uniq_pikel, uniq_grum
Temple:   bh_familiar_temple

Skill      XL: |  1  2  3  4  5  6  7  8  9 10 |
---------------+-------------------------------+-----
Polearms       | 3 4 5 7 9 |  9.7
Dodging        | 3 4 5 |  5.0
Fighting       | 4 6 7 9 11 13 14 | 14.1

Action                     |  1- 3 |  4- 6 |  7- 9 | 10-12 || total
---------------------------+-------+-------+-------+-------++-------
  Melee: Spear             |    93 |       |       |       ||    93
         Bardiche          |       |    92 |   149 |    17 ||   258
    Use: Scroll            |     4 |     6 |     2 |       ||    12
         Potion            |       |       |     3 |       ||     3
   Stab: Sleeping          |       |     3 |     3 |       ||     6
         Distracted        |       |       |     1 |       ||     1
 Armour: Robe              |     8 |    46 |    81 |     2 ||   137
  Dodge: Dodged            |    44 |   106 |   236 |    18 ||   404

Table legend: (Time is in decaauts)
 A = Elapsed time spent in this place.
 B = Non-inter-level travel time spent in this place.
 C = Inter-level travel time spent in this place.
 D = Time resting spent in this place.
 E = Time spent auto-exploring this place.
 F = Levels seen in this place.
 G = Mean time per level.
                   A        B        C        D        E       F      G
               +--------+--------+--------+--------+--------+-----+--------+
         Total |   7455 |   6852 |    603 |      0 |   5620 |   9 |  828.3 |
       Dungeon |   7207 |   6622 |    585 |      0 |   5401 |   8 |  900.9 |
        Temple |    247 |    229 |     18 |      0 |    219 |   1 |  247.0 |
               +--------+--------+--------+--------+--------+-----+--------+

Top non-repeatable levels by time:
     D:5: 1215 daAuts
     D:4: 1079 daAuts
     D:7: 1075 daAuts
     D:2: 892 daAuts
     D:8: 773 daAuts
     D:6: 772 daAuts
     D:3: 735 daAuts
     D:1: 663 daAuts
  Temple: 247 daAuts
